 Dungeon Crawl Stone Soup version 0.27.1-34-g3ba077fa99 (webtiles) character file.

Game seed: 1207223257134038217

1 cbfl8 the Sneak (level 1, -3/19 HPs)
             Began as a Minotaur Delver on Jan 27, 2022.
             Slain by a phantom (5 damage)
             ... on level 4 of the Dungeon.
             The game lasted 00:00:27 (59 turns).

cbfl8 the Sneak (Minotaur Delver)                     Turns: 59, Time: 00:00:28

Health: -3/19      AC:  3    Str: 16    XL:     1   Next: 16%
Magic:  0/0        EV: 11    Int:  7    God:
Gold:   0          SH:  0    Dex: 11    Spells: 0/0 levels left

rFire    . . .     SeeInvis .   a - +0 hand axe
rCold    . . .     Faith    .   (no shield)
rNeg     . . .     Spirit   .   b - +0 leather armour
rPois    .         Reflect  .   (helmet restricted)
rElec    .         Harm     .   (no cloak)
rCorr    .         Rampage  .   (no gloves)
Will     .....                  (no boots)
Stlth    ++........             (no amulet)
HPRegen  0.06/turn              (no ring)
MPRegen  0.07/turn              (no ring)

@: hasted, very quick
A: horns 2, retaliatory headbutt
a: no special abilities


You were on level 4 of the Dungeon.
You visited 1 branch of the dungeon, and saw 2 of its levels.

Inventory:

Hand Weapons
 a - a +0 hand axe (weapon)
Missiles
 h - 5 large rocks
Armour
 b - a +0 leather armour (worn)
Wands
 g - a wand of digging (3)
Scrolls
 c - a scroll of fog
 e - a scroll of fear


   Skills:
 + Level 3.6 Fighting
 + Level 2.4 Axes
 + Level 2.2 Dodging
 + Level 4.1 Stealth


You couldn't memorise any spells.
You didn't know any spells.
Your spell library was empty.

Dungeon Overview and Level Annotations

Branches:
Dungeon (5/15)
 Temple: D:4-7

Altars:


Innate Abilities, Weirdness & Mutations

You have a pair of horns on your head.
You reflexively headbutt those who attack you in melee.


Message History

You hear a shout! x2
The howler monkey hoots and howls with incredible vigour!
You hear a shout!
The iguana hisses menacingly.
The howler monkey hits you but does no damage.
You open the door.
An endoplasm comes into view.
There is an open door here.
The endoplasm quivers.
The howler monkey hoots and howls with incredible vigour!
The endoplasm freezes you.
You are frozen.
You hear a shout! x3; You hear an angry hiss.
You hear a shout!
The howler monkey hoots and howls with incredible vigour!
The endoplasm barely misses you.
You hear a shout!
You open the door.
A phantom comes into view.
Found a stone staircase leading up.
You barely miss the phantom. Your headbutt misses the phantom.
You hit the endoplasm. You hit the howler monkey. The phantom misses you.
You miss the phantom. You hit the howler monkey. You hit the endoplasm.
You kill the endoplasm!
The howler monkey hoots and howls with incredible vigour!
The phantom hits you but does no damage.
The howler monkey barely misses you.
You hear an angry hiss.
You hear a shout! x2
You barely miss the phantom. You hit the howler monkey.
The howler monkey barely misses you. The phantom hits you!
* * * LOW HITPOINT WARNING * * *
You hit the phantom. Your headbutt misses the phantom.
The phantom is lightly damaged.
You barely miss the howler monkey. You hit the howler monkey.
The howler monkey hits you but does no damage.
The howler monkey misses you.
You hit the phantom but do no damage.
The phantom is lightly damaged.
You closely miss the howler monkey. You hit the howler monkey.
The phantom hits you.
You die...

,,*,,,,,,,,,#..............,,,*,,
,,*,,,,,**,,#######.....##.,,**,,
,,*,,,,,*****#...##.....##.,,**,,
,,**,,,,,,,,,#....#........,,**,,
,,**,,,,,,,,,#....'h.......,,,,,,
,,,,,,,,**,,*##.l##........,,,,,,
,,,,,,,,*****##..##........,,**,,
,,,,,,,,,* #..h##...####.,,**,,
+***,,,,,* #.h@######***+****,,
,,**,,,,** ###W#*,,,,,,,,,,,,,,
,,,,,,,,*******..#*,,,,,,,,,,,,,,
,,,,,,,,,*,,,,.<.#*,,***+**,,**,,
,,,,,,,,,*,,,....#*,,***,******,,
,,,,,,,,**,,###..#*,,,*,,,,,,**,,
,,**,,,,**,,**####*,,,*,,,,,,****
**********,,,*,,,,*,,,*,,,,,,,*
,,,*,,,,,+,,,*,,,,+,,,+,,,,,,,*


You could see a phantom, 2 howler monkeys and an iguana.

Vanquished Creatures
  An endoplasm (D:4)
1 creature vanquished.

Notes
Turn   | Place    | Note
-------+----------+-------------------------------------------
     0 | D:5      | cbfl8 the Minotaur Delver began the quest for the Orb.
     0 | D:5      | Reached XP level 1. HP: 19/19 MP: 0/0
    16 | D:4      | Noticed a howler monkey
    16 | D:4      | Noticed a howler monkey
    16 | D:4      | Noticed an iguana
    54 | D:4      | Noticed a phantom
    59 | D:4      | Slain by a phantom

Illustrated notes

Levels and vault maps discovered:
D:4:      layout_gridville, minmay_rat_hole, uniq_robin, uniq_natasha,
          uniq_grinder, uniq_eustachio
D:5:      layout_loops_cross, nicolae_overflow_hidden_temple,
          lemuel_round_altar, mainiacjoe_overflow_alcove_1,
          minmay_temple_entry_drinking_statues, serial_shops, shop_statue, shop,
          nicolae_shop_crystal, nicolae_shop_crystal, uniq_prince_ribbit1,
          uniq_ijyb, uniq_crazy_yiuf_cottage

Action                   || total
-------------------------++-------
Melee: Hand axe          ||     5
  Use: Scroll            ||     1
       Potion            ||     1
Armor: Leather armour    ||     4
Dodge: Dodged            ||     7
